 Dungeon Crawl Stone Soup version 0.21-a0-110-g8e1637b (webtiles) character file.

102 Goblin1989 the Skirmisher (level 4, -6/39 HPs)
             Began as a Demonspawn Assassin on July 7, 2017.
             Was an Initiate of Dithmenos.
             Killed from afar by an orc wizard (9 damage)
             ... with a puff of flame
             ... on level 3 of the Dungeon.
             The game lasted 00:12:06 (1809 turns).

Goblin1989 the Skirmisher (Demonspawn Assassin)     Turns: 1809, Time: 00:12:07

Health: -6/39      AC:  4    Str: 12    XL:     4   Next: 49%
Magic:  0/4        EV: 11    Int: 14    God:    Dithmenos [......]
Gold:   68         SH:  0    Dex: 15    Spells: 0/3 levels left

rFire    . . .     SeeInvis .   a - +2 dagger
rCold    . . .     Gourm    .   (no shield)
rNeg     . . .     Faith    .   c - +0 robe
rPois    .         Spirit   +   (helmet restricted)
rElec    .         Reflect  .   d - +0 cloak
rCorr    .         Harm     .   (no gloves)
MR       .....                  (no boots)
Stlth    ++........             (no amulet)
HPRegen  0.13/turn              (no ring)
MPRegen  0.09/turn              (no ring)

@: no status effects
A: horns 1, rugged brown scales 1, clever 1, magic shield
a: Renounce Religion


You were on level 3 of the Dungeon.
You worshipped Dithmenos.
Dithmenos was noncommittal.
You were not hungry.

You visited 1 branch of the dungeon, and saw 4 of its levels.

You collected 173 gold pieces.
You spent 105 gold pieces at shops.

Inventory:

Hand Weapons
 a - a +2 dagger (weapon)
 w - a +0 blowgun {@w1}
 y - a +0 hunting sling
 D - a +0 dagger of protection
Missiles
 g - 3 poisoned needles
 z - 23 stones (quivered)
 A - 9 arrows
Armour
 c - a +0 robe (worn)
 d - a +0 cloak (worn)
Scrolls
 B - 2 scrolls of remove curse {unknown}
 J - a scroll of recharging {unknown}
 K - a scroll of identify {unknown}
Books
 G - a book of Cantrips

   Spells                             Type                      Level
   a - Confusing Touch                Hexes                        1
   b - Animate Skeleton               Necromancy                   1
   c - Summon Small Mammal            Summoning                    1
   d - Apportation                    Translocation                1
Comestibles
 e - a bread ration {@e1}
 v - a royal jelly
 E - 4 fruits
 L - a chunk of flesh


   Skills:
 * Level 4.8 Fighting
 - Level 1.7 Short Blades
 - Level 1.7 Throwing
 - Level 0.8 Dodging
 + Level 3.6 Stealth
 * Level 0.0 Hexes


You couldn't memorise any spells.
You knew the following spells:

 Your Spells              Type           Power        Failure   Level  Hunger
a - Confusing Touch       Hex            #.....       28%         1    ##.....
b - Animate Skeleton      Necr           N/A          28%         1    ##.....
o - Apportation           Tloc           #.....       28%         1    ##.....


Dungeon Overview and Level Annotations

Branches:
Dungeon (4/15)
 Temple: D:4-7

Altars:
Dithmenos

Shops:
D:4 (


Innate Abilities, Weirdness & Mutations

You are partially covered in rugged brown scales. (AC +1, +3% HP)
When hurt, damage is shared between your health and your magic reserves.
You have a pair of small horns on your head.
Your mind is acute. (Int +2)


Message History

Firing (i - inventory. (,) - cycle):
g - 8 poisoned needles (quivered)
Press: ? - help, Shift-Dir - straight line, f/p - goblin
Aim: a goblin You shoot a poisoned needle.
The poisoned needle closely misses the orc.
The poisoned needle completely misses the goblin.
Something hits you but does no damage.
Firing (i - inventory. (,) - cycle):
g - 7 poisoned needles (quivered)
Press: ? - help, Shift-Dir - straight line, f/p - goblin
Aim: a goblin You shoot a poisoned needle.
The poisoned needle barely misses the orc.
The poisoned needle hits the goblin.
The goblin is poisoned.
Something hits you.
You take 2 damage, and have 29/39 hp.
Firing (i - inventory. (,) - cycle):
g - 6 poisoned needles (quivered)
Press: ? - help, Shift-Dir - straight line, f/p - goblin
Aim: a goblin (poisoned)
You shoot a poisoned needle. The poisoned needle hits the orc.
The orc is poisoned.
Something hits you.
You take 2 damage, and have 27/39 hp.
Firing (i - inventory. (,) - cycle):
g - 5 poisoned needles (quivered)
Press: ? - help, Shift-Dir - straight line, f/p - goblin
Aim: a goblin (heavily wounded, poisoned)
You shoot a poisoned needle. The poisoned needle hits the orc.
The orc looks even sicker.
You kill the goblin!
Dithmenos accepts your kill. Something hits you but does no damage.
Firing (i - inventory. (,) - cycle):
g - 4 poisoned needles (quivered)
Press: ? - help, Shift-Dir - straight line, f - orc
Aim: an orc, wielding a dagger and wearing a leather armour (poisoned)
You shoot a poisoned needle. The poisoned needle hits the orc.
The orc looks even sicker.
Something hits you.
You take 2 damage, and have 25/39 hp.
a - a +2 dagger (weapon)
You barely miss something.
You kill the orc!
Dithmenos accepts your kill.
You hear some strange, mumbled words.
A puff of flame appears from out of thin air!
The puff of flame hits you!
You closely miss something. Something hits you but does no damage.
You hit something.
You hear some strange, mumbled words.
Something tries to affect you, but you resist.
You hit something but do no damage.
You hear some strange, mumbled words.
A magic dart appears from out of thin air!
The magic dart hits you!
* * * LOW HITPOINT WARNING * * *
You take 10 damage, and have 16/39 hp.
MASSIVE DAMAGE!!
You now have 3/4 mp.
You barely miss something.
You hear some strange, mumbled words.
You are confused.
You bump into the rock wall.
You hear some strange, mumbled words.
You are more confused.
You miss something.
You bump into the rock wall.
Something hits you but does no damage.
You bump into the rock wall.
Something hits you.
* * * LOW HITPOINT WARNING * * *
You take 1 damage, and have 15/39 hp.
You now have 2/4 mp.
You bump into the rock wall.
Something hits you but does no damage.
You bump into the rock wall.
Something hits you.
* * * LOW HITPOINT WARNING * * *
You take 3 damage, and have 12/39 hp.
You hit something.
You hear some strange, mumbled words.
A magic dart appears from out of thin air!
The magic dart hits you!
* * * LOW HITPOINT WARNING * * *
You take 3 damage, and have 9/39 hp.
You hit something but do no damage. Something hits you but does no damage.
Unknown command.
You bump into the rock wall.
Something hits you.
* * * LOW HITPOINT WARNING * * *
You take 1 damage, and have 8/39 hp.
You miss something. Something hits you.
* * * LOW HITPOINT WARNING * * *
You take 2 damage, and have 6/39 hp.
You now have 1/4 mp.
It was a potion of mutation.
You feel extremely strange. A pair of horns grows on your head!
You feel clever. Something hits you.
* * * LOW HITPOINT WARNING * * *
You take 1 damage, and have 5/39 hp.
Unknown command.
Unknown command.
You're too confused to move!
You feel less confused. Something hits you.
* * * LOW HITPOINT WARNING * * *
You take 2 damage, and have 3/39 hp.
You now have 0/4 mp.
A magic dart appears from out of thin air!
The magic dart hits you!
* * * LOW HITPOINT WARNING * * *
You take 1 damage, and have 2/39 hp.
A puff of flame appears from out of thin air!
The puff of flame hits you!
You die... █..██ █)██ █ ██.█ .█ █(.█ .█ █)██ █.. █{█ ██..█ ██.█ ██..█ ██..█ █...█ █@(██████

███)█.█
██>███...███.[.)>█
█..÷...█.....█.███
█....██████).█)█
█...██ █...█.█
██████████.█.█.███
█..........█.....██
█..........█.......
█..........█......█


There were no monsters in sight!

Vanquished Creatures
  An orc priest (D:3)
  3 adders
  A dart slug (D:3)
  3 leopard geckos
  7 orcs
  A giant cockroach (D:3)
  5 goblins
  2 hobgoblins
  A quokka (D:3)
  A ball python (D:3)
  A bat (D:2)
  2 frilled lizards
  5 kobolds
  2 rats (D:1)
  A fungus (D:4)
36 creatures vanquished.

Notes
Turn   | Place    | Note
-------+----------+-------------------------------------------
     0 | D:1      | Goblin1989 the Demonspawn Assassin began the quest for the Orb.
     0 | D:1      | Reached XP level 1. HP: 16/16 MP: 1/1
   172 | D:1      | Gained mutation: You are partially covered in rugged brown scales. (AC +1, +3% HP) [demonic ancestry]
   172 | D:1      | Reached XP level 2. HP: 12/23 MP: 2/2
   384 | D:2      | Reached skill level 3 in Fighting
   545 | D:3      | Found a shadowy altar of Dithmenos.
   547 | D:3      | Became a worshipper of Dithmenos the Shadowed
   954 | D:4      | Found Rucah's Antique Weapon Boutique.
   957 | D:4      | Bought a glowing dagger for 105 gold pieces
   993 | D:4      | Gained mutation: When hurt, damage is shared between your health and your magic reserves. [demonic ancestry]
   993 | D:4      | Reached XP level 3. HP: 29/29 MP: 3/3
  1073 | D:3      | Reached skill level 4 in Fighting
  1098 | D:3      | Learned a level 1 spell: Apportation
  1100 | D:3      | Learned a level 1 spell: Animate Skeleton
  1368 | D:3      | Reached XP level 4. HP: 19/39 MP: 2/4
  1708 | D:3      | Learned a level 1 spell: Confusing Touch
  1806 | D:3      | Gained mutation: You have a pair of small horns on your head. [potion of mutation]
  1806 | D:3      | Gained mutation: Your mind is acute. (Int +2) [potion of mutation]
  1809 | D:3      | Killed from afar by an orc wizard

Vault maps used:
D:1:      lightli_arrival_boilingwater
D:3:      nicolae_dithmenos_through_a_glass_darkly, marbit_many_paths,
          uniq_crazy_yiuf_cottage
D:4:      serial_shops, shop, minmay_gold_behind_fungi,
          small_statue_intersection, hangedman_abyss_or_decor_lesser_grid,
          hangedman_decor_peaks_small, kennysheep_generic_room_12,
          uniq_eustachio

Skill      XL: |  1  2  3 |
---------------+----------+-----
Fighting       | 3 4 |  4.8
Short Blades   | |  1.7
Throwing       | |  1.7
Dodging        | |  0.8
Stealth        | |  3.6

Action                   |  1- 3 |  4- 6 || total
-------------------------+-------+-------++-------
Melee: Dagger            |   100 |    44 ||   144
 Fire: Blowgun           |    13 |    18 ||    31
  Use: Potion            |       |     2 ||     2
 Stab: Sleeping          |     4 |     1 ||     5
  Eat: Chunk             |     1 |     2 ||     3
Armor: Robe              |    11 |    11 ||    22
Dodge: Dodged            |    39 |    29 ||    68

Vault maps used:
D:1:      lightli_arrival_boilingwater
D:3:      nicolae_dithmenos_through_a_glass_darkly, marbit_many_paths,
          uniq_crazy_yiuf_cottage
D:4:      serial_shops, shop, minmay_gold_behind_fungi,
          small_statue_intersection, hangedman_abyss_or_decor_lesser_grid,
          hangedman_decor_peaks_small, kennysheep_generic_room_12,
          uniq_eustachio
